 Dungeon Crawl Stone Soup version 0.30-a0-618-gd6c86c23d0 (webtiles) character file.

Game seed: 11879311308753517600

5443 themarg the Martial Artist (level 10, -5/92 HPs)
             Began as a Gnoll Transmuter on Jan 9, 2023.
             Was an Initiate of Gozag.
             Killed from afar by a gargoyle (14 damage)
             ... with a stone arrow
             ... on level 9 of the Dungeon.
             The game lasted 00:21:28 (8944 turns).

themarg the Martial Artist (Gnoll Transmuter)       Turns: 8944, Time: 00:21:29

Health: -5/92      AC:  7    Str: 15    XL:     10   Next: 68%
Magic:  30/30      EV: 13    Int: 16    God:    Gozag
Gold:   359        SH:  0    Dex: 14    Spells: 14/24 levels left

rFire   . . .      SeeInvis .      - Unarmed
rCold   + + +      Faith    .    (shield currently unavailable)
rNeg    . . .      Spirit   .    (body armour currently unavailable)
rPois   +          Reflect  .    (helmet currently unavailable)
rElec   +          Harm     .    (cloak currently unavailable)
rCorr   +          Rampage  .    (gloves currently unavailable)
Will    .....                    (boots currently unavailable)
Stlth   +++                      g - amulet of the acrobat
HPRegen 0.35/turn                m - +6 ring of strength
MPRegen 0.22/turn                C - ring of magical power

@: mighty, ice-form (expiring), resistant, wereblooded, gold aura, hasted,
invisible, very quick
A: freezing attack, amphibious, boosted hp, large, (fangs 1), strong nose,
distributed training
a: End Transformation, Renounce Religion, Potion Petition, Call Merchant, Bribe
Branch


You were on level 9 of the Dungeon.
You worshipped Gozag.
Gozag was aware of your devotion.
You were a creature of crystalline ice.
You visited 1 branch of the dungeon, and saw 9 of its levels.

You collected 1363 gold pieces.
You paid 1004 gold pieces to Gozag.

Inventory:

Missiles
 b - 26 poisoned darts
 e - 59 stones
 r - 2 boomerangs
 s - 7 atropa-tipped darts
 L - a throwing net
 M - 3 boomerangs of dispersal
Armour
 a - a +0 robe (melded)
 i - a +1 pair of gloves (melded)
 j - a +0 helmet (melded)
Jewellery
 g - an amulet of the acrobat (around neck)
 l - an amulet of magic regeneration
 m - a +6 ring of strength (left front paw)
 t - a ring of fire
 C - a ring of magical power (right front paw)
Wands
 v - a wand of flame (53)
 w - a wand of charming (8)
 y - a wand of roots (9)
Scrolls
 c - 3 scrolls of immolation
 k - 2 scrolls of teleportation
 o - a scroll of enchant armour {unknown}
 u - 5 scrolls of brand weapon
 x - 2 scrolls of fear
 A - a scroll of poison {unknown}
 B - 2 scrolls of blinking {unknown}
 D - a scroll of noise {unknown}
 E - a scroll of silence {unknown}
 G - a scroll of acquirement {unknown}
 H - a scroll of fog {unknown}
 I - a scroll of torment {unknown}
Potions
 d - 2 potions of invisibility
 f - 6 potions of curing
 h - a potion of haste {unknown}
 n - a potion of mutation {unknown}
 p - 2 potions of brilliance
 q - 2 potions of attraction
 F - a potion of berserk rage {unknown}
 J - a potion of heal wounds {unknown}
 K - a potion of flight {unknown}


   Skills:
 + Level 6.3 Fighting
 + Level 5.7 Short Blades
 + Level 5.7 Long Blades
 + Level 5.7 Axes
 + Level 5.7 Maces & Flails
 + Level 5.7 Polearms
 + Level 5.7 Staves
 + Level 5.7 Ranged Weapons
 + Level 5.7 Throwing
 + Level 5.7 Armour
 + Level 7.4 Dodging
 + Level 5.7 Stealth
 + Level 5.7 Shields
 + Level 8.8 Unarmed Combat
 + Level 7.7 Spellcasting
 + Level 4.7 Conjurations
 + Level 4.7 Hexes
 + Level 4.7 Summonings
 + Level 4.7 Necromancy
 + Level 4.7 Translocations
 + Level 6.1 Transmutations
 + Level 4.7 Fire Magic
 + Level 4.7 Ice Magic
 + Level 4.7 Air Magic
 + Level 4.7 Earth Magic
 + Level 4.7 Poison Magic
 + Level 6.2 Invocations
 + Level 5.7 Evocations


You had 14 spell levels left.
You knew the following spells:

 Your Spells              Type           Power      Damage    Failure   Level
a - Beastly Appendage     Tmut           50%        N/A       1%          1
b - Wereblood             Tmut           25%        N/A       1%          2
c - Spider Form           Tmut/Pois      23%        N/A       3%          3
d - Ice Form              Ice/Tmut       23%        N/A       12%         4

Your spell library contained the following spells:

 Spells                   Type           Power      Damage    Failure   Level
 Ignite Poison            Fire/Tmut/Pois 22%        N/A       4%          3
 Sticky Flame             Conj/Fire      21%        2d4       17%         4
 Ignition                 Fire           10%        3d5       100%        8


Dungeon Overview and Level Annotations

Branches:
Dungeon (9/15)             Temple (0/1) D:7
   Lair: D:8-11         Orc: D:9-12

Altars:
Cheibriados
Dithmenos
Elyvilon
Gozag
Sif Muna
Trog
Yredelemnul

Shops:
D:2 :   D:3 =

Annotations:
D:9 3 exclusions


Innate Abilities, Weirdness & Mutations

You are a creature of crystalline ice.
You have a powerful freezing melee attack.
You are amphibious.
Your maximum health is increased.
Your armour is entirely melded.
You are incapable of wielding weapons or throwing items.
((You have very sharp teeth.))
Your uncanny sense of smell can sniff out nearby items.
Your experience applies equally to all skills.


Message History

You pummel the wyvern!! You freeze the wyvern.
You feel a bit better.
You kill the wyvern!
You hear a shout!
You hear an angry hiss.
You punch the centaur! You freeze the centaur.
The centaur is almost dead.
The centaur unwields a +0 shortbow of freezing.
The centaur completely misses you.
The centaur kicks you but does no damage.
You pummel the centaur!! You freeze the centaur.
You feel a bit better.
You kill the centaur!
The gargoyle hurls a stone arrow at you.
The stone arrow hits you!!
You howl as the wereblood boils in your veins!
You punch the gargoyle! You freeze the gargoyle.
The gargoyle is moderately damaged.
You hit the gargoyle but do no damage.
The gargoyle is moderately damaged.
Your transformation is almost over.
The gargoyle hits you with a +0 morningstar!
* * * LOW HITPOINT WARNING * * *
You hit the gargoyle. You freeze the gargoyle.
The gargoyle is heavily damaged.
The gargoyle closely misses you.
You hit the gargoyle but do no damage.
The gargoyle is heavily damaged.
The gargoyle hits you with a +0 morningstar!!
* * * LOW HITPOINT WARNING * * *
[a] - 378 gold - resistance and invisibility [b] - 928 gold - haste, resistance, invisibility and might [c] - 440 gold - haste and resistance Purchase which effect?
You no longer have enough gold to petition Gozag for potion effects.
You no longer have enough gold to fund merchants seeking to open stores in the dungeon.
You feel yourself speed up.
You feel protected.
You fade into invisibility!
You feel very mighty all of a sudden.
The gargoyle hurls a stone arrow at you.
The stone arrow hits you!
You die...
Your body crumbles into a pile of gold.

#.......# #'# #.#
#.......# #.# #.#
###...###
#9###########.# #...#
##.#........##.# ##.##
##....##........# #<#
#........###.#### #.#
##....#### #.#
#.#########.#.# #.#
#........Y9.#$######.#
###########.#........#
#.###.###.## #.# #.D#
. #.# ##.# #.#
#......... #.#
#...#...#. .. #..#.
.#.. #.#... h.


You could see a gargoyle (unable to see you).

Vanquished Creatures
  Pikel (D:8)
  Grinder (D:4)
  Eustachio (D:6)
  2 wyverns
  8 yaks
  A steam dragon (D:6)
  Edmund (D:4)
  An orc warrior (D:6)
  3 ice beasts
  A sky beast (D:8)
  3 centaurs
  4 ogres
  A phantom (D:5)
  A kobold brigand (D:8)
  3 scorpions (D:5)
  2 bullfrogs
  2 necrophages (D:5)
  8 wights
  2 howler monkeys
  A crimson imp (D:6)
  A hound (D:5)
  3 orc priests
  2 jellies
  3 iguanas
  4 orc wizards
  Ijyb (D:4)
  Natasha (thrice) (D:4)
  Robin (D:3)
  13 adders
  3 shadow imps
  4 white imps
  3 ufetubi
  A worm (D:3)
  4 dart slugs
  30 orcs
  9 endoplasms
  3 giant cockroaches
  16 goblins
  10 hobgoblins
  4 jackals (D:2)
  3 quokkas
  7 ball pythons
  3 bats (D:1)
  2 frilled lizards
  9 kobolds
  4 rats
193 creatures vanquished.

Vanquished Creatures (others)
  5 plants (D:1)
5 creatures vanquished.

Grand Total: 198 creatures vanquished

Notes
Turn   | Place    | Note
-------+----------+-------------------------------------------
     0 | D:1      | themarg the Gnoll Transmuter began the quest for the Orb.
     0 | D:1      | Reached XP level 1. HP: 17/17 MP: 6/6
   144 | D:1      | Found a faded altar of an unknown god.
   191 | D:1      | Reached XP level 2. HP: 19/23 MP: 5/7
   194 | D:1      | Learned a level 2 spell: Wereblood
   409 | D:1      | Reached skill level 5 in Spellcasting
   409 | D:1      | Reached XP level 3. HP: 28/28 MP: 5/9
   975 | D:2      | Reached skill level 1 in Invocations
  1255 | D:2      | Found a snail-covered altar of Cheibriados.
  1310 | D:2      | Found Hetaoko's Book Shop.
  1322 | D:2      | Reached skill level 1 in Short Blades
  1322 | D:2      | Reached skill level 1 in Long Blades
  1322 | D:2      | Reached skill level 1 in Axes
  1322 | D:2      | Reached skill level 1 in Maces & Flails
  1322 | D:2      | Reached skill level 1 in Polearms
  1322 | D:2      | Reached skill level 1 in Staves
  1322 | D:2      | Reached skill level 1 in Ranged Weapons
  1322 | D:2      | Reached skill level 1 in Throwing
  1322 | D:2      | Reached skill level 1 in Armour
  1322 | D:2      | Reached skill level 1 in Stealth
  1322 | D:2      | Reached skill level 1 in Shields
  1322 | D:2      | Reached skill level 1 in Evocations
  1472 | D:3      | Reached XP level 4. HP: 34/34 MP: 9/11
  1476 | D:3      | Learned a level 3 spell: Spider Form
  1681 | D:3      | Reached skill level 1 in Conjurations
  1681 | D:3      | Reached skill level 1 in Hexes
  1681 | D:3      | Reached skill level 1 in Summonings
  1681 | D:3      | Reached skill level 1 in Necromancy
  1681 | D:3      | Reached skill level 1 in Translocations
  1681 | D:3      | Reached skill level 1 in Fire Magic
  1681 | D:3      | Reached skill level 1 in Ice Magic
  1681 | D:3      | Reached skill level 1 in Air Magic
  1681 | D:3      | Reached skill level 1 in Earth Magic
  1681 | D:3      | Reached skill level 1 in Poison Magic
  1750 | D:3      | Found Rusidil's Jewellery Shop.
  1905 | D:3      | Noticed Robin
  1922 | D:3      | Killed Robin
  1923 | D:3      | Reached XP level 5. HP: 31/40 MP: 2/12
  2103 | D:3      | Found a white marble altar of Elyvilon.
  2584 | D:3      | Found a shadowy altar of Dithmenos.
  2673 | D:4      | Found an opulent altar of Gozag.
  2698 | D:4      | Became a worshipper of Gozag Ym Sagoz the Greedy
  2866 | D:4      | Noticed Edmund
  2878 | D:4      | Killed Edmund
  2879 | D:4      | Reached skill level 5 in Dodging
  2879 | D:4      | Reached XP level 6. HP: 6/47 MP: 11/14
  3254 | D:4      | Noticed Ijyb
  3268 | D:4      | Killed Ijyb
  3348 | D:4      | Noticed Grinder
  3351 | D:4      | Paralysed by Grinder for 2 turns
  3363 | D:4      | Killed Grinder
  3364 | D:4      | Reached skill level 7 in Unarmed Combat
  3364 | D:4      | Reached XP level 7. HP: 21/52 MP: 12/15
  3564 | D:4      | Found a basalt altar of Yredelemnul.
  3693 | D:4      | Noticed Natasha
  3698 | D:4      | Killed Natasha
  3851 | D:4      | Noticed Natasha
  3854 | D:4      | Killed Natasha
  3863 | D:4      | Noticed Natasha
  3870 | D:4      | Killed Natasha
  4133 | D:5      | Entered Level 5 of the Dungeon
  4440 | D:5      | Reached XP level 8. HP: 60/60 MP: 12/16
  5551 | D:6      | Found a bloodstained altar of Trog.
  5558 | D:6      | Learned a level 4 spell: Ice Form
  5566 | D:6      | Reached skill level 5 in Transmutations
  5571 | D:6      | Reached XP level 9. HP: 38/67 MP: 0/18
  5873 | D:6      | Noticed Eustachio
  5886 | D:6      | Killed Eustachio
  5887 | D:6      | Reached skill level 5 in Fighting
  6456 | D:7      | Reached skill level 8 in Unarmed Combat
  6755 | D:7      | Found a staircase to the Ecumenical Temple.
  6938 | D:7      | Reached skill level 5 in Invocations
  7492 | D:8      | Noticed Pikel
  7501 | D:8      | Killed Pikel
  7727 | D:8      | Reached skill level 5 in Short Blades
  7727 | D:8      | Reached skill level 5 in Long Blades
  7727 | D:8      | Reached skill level 5 in Axes
  7727 | D:8      | Reached skill level 5 in Maces & Flails
  7727 | D:8      | Reached skill level 5 in Polearms
  7727 | D:8      | Reached skill level 5 in Staves
  7727 | D:8      | Reached skill level 5 in Ranged Weapons
  7727 | D:8      | Reached skill level 5 in Throwing
  7727 | D:8      | Reached skill level 5 in Armour
  7727 | D:8      | Reached skill level 5 in Stealth
  7727 | D:8      | Reached skill level 5 in Shields
  7727 | D:8      | Reached skill level 5 in Evocations
  7727 | D:8      | Reached XP level 10. HP: 65/76 MP: 20/20
  8158 | D:8      | Found a shimmering blue altar of Sif Muna.
  8588 | D:9      | Noticed an eight-headed hydra
  8589 | D:9      | Noticed a deep elf pyromancer
  8926 | D:9      | Noticed a gargoyle
  8944 | D:9      | Killed from afar by a gargoyle

Illustrated notes

Levels and vault maps discovered:
D:1:      roderic_crop_circles_arrival_large, layout_rooms,
          hellmonk_ecumenical_altar_blasted, moated_statue, kennysheep_boxes
D:2:      layout_loops_cross, basic_altar, serial_shops, shop
D:3:      layout_loops_cross, elyvilon_altar_3, lemuel_coloured_pillars_altar,
          serial_shops, nicolae_shop_temple_entry_statues_fountains,
          fountainhead, hangedman_decor_opposing, minmay_starry_boxes,
          uniq_robin
D:4:      layout_loops_ring, mainiacjoe_overflow_catwalk,
          general_overflow_altar, kennysheep_generic_room_13, uniq_grinder,
          uniq_edmund, uniq_natasha, uniq_ijyb
D:5:      layout_gridville
D:6:      layout_loops_ring, trog_antimagical, minmay_fire_ice_demons,
          uniq_eustachio
D:7:      layout_basic, temple_fountains
D:8:      layout_loops_ring, mainiacjoe_overflow_six_doors_small, uniq_pikel
D:9:      cheibrodos_fzero, layout_loops_corners, mainiacjoe_overflow_brackets,
          nemelex_diamond_rough_becter

Skill      XL: |  1  2  3  4  5  6  7  8  9 10 |
---------------+-------------------------------+-----
Spellcasting   | 5 6 7 |  7.7
Invocations    | 1 2 3 4 5 6 |  6.2
Short Blades   | 1 2 3 5 |  5.7
Long Blades    | 1 2 3 5 |  5.7
Axes           | 1 2 3 5 |  5.7
Maces & Flails | 1 2 3 5 |  5.7
Polearms       | 1 2 3 5 |  5.7
Staves         | 1 2 3 5 |  5.7
Ranged Weapons | 1 2 3 5 |  5.7
Throwing       | 1 2 3 5 |  5.7
Armour         | 1 2 3 5 |  5.7
Stealth        | 1 2 3 5 |  5.7
Shields        | 1 2 3 5 |  5.7
Evocations     | 1 2 3 5 |  5.7
Conjurations   | 1 2 3 4 |  4.7
Hexes          | 1 2 3 4 |  4.7
Summonings     | 1 2 3 4 |  4.7
Necromancy     | 1 2 3 4 |  4.7
Translocations | 1 2 3 4 |  4.7
Fire Magic     | 1 2 3 4 |  4.7
Ice Magic      | 1 2 3 4 |  4.7
Air Magic      | 1 2 3 4 |  4.7
Earth Magic    | 1 2 3 4 |  4.7
Poison Magic   | 1 2 3 4 |  4.7
Fighting       | 3 4 5 6 |  6.3
Transmutations | 4 5 6 |  6.1
Dodging        | 5 6 7 |  7.4
Unarmed Combat | 7 8 |  8.8

Action                   |  1- 3 |  4- 6 |  7- 9 | 10-12 || total
-------------------------+-------+-------+-------+-------++-------
Melee: Unarmed           |    71 |   132 |   201 |    86 ||   490
       Kick              |    13 |    14 |       |       ||    27
       Headbutt          |     4 |    10 |       |       ||    14
       Bite              |     3 |     8 |       |     1 ||    12
       Punch             |     1 |     1 |       |       ||     2
 Cast: Beastly Appendage |    21 |    16 |       |       ||    37
       Wereblood         |     2 |       |     2 |     3 ||     7
       Spider Form       |       |    13 |    26 |       ||    39
       Ice Form          |       |       |    19 |     9 ||    28
Invok: Potion Petition   |       |       |       |     1 ||     1
  Use: Potion            |       |     2 |       |       ||     2
       Scroll            |       |       |     3 |     4 ||     7
 Stab: Sleeping          |       |     3 |     4 |     1 ||     8
Armor: Robe              |    18 |     8 |     1 |     2 ||    29
       Skin              |       |     6 |    25 |    10 ||    41
Dodge: Dodged            |    56 |    92 |   156 |    41 ||   345

Table legend: (Time is in decaauts)
 A = Elapsed time spent in this place.
 B = Non-inter-level travel time spent in this place.
 C = Inter-level travel time spent in this place.
 D = Time resting spent in this place.
 E = Time spent auto-exploring this place.
 F = Levels seen in this place.
 G = Mean time per level.
                   A        B        C        D        E       F      G
               +--------+--------+--------+--------+--------+-----+--------+
         Total |   8876 |   8675 |    201 |    485 |   6827 |   9 |  986.2 |
       Dungeon |   8876 |   8675 |    201 |    485 |   6827 |   9 |  986.2 |
               +--------+--------+--------+--------+--------+-----+--------+

Top non-repeatable levels by time:
     D:4: 1515 daAuts
     D:7: 1279 daAuts
     D:5: 1236 daAuts
     D:8: 1161 daAuts
     D:3: 1135 daAuts
     D:6: 955 daAuts
     D:1: 764 daAuts
     D:2: 690 daAuts
     D:9: 138 daAuts
